Map: 아너그라운드 - 래더

Players

Xaoras

  • Race: Zerg Zerg
  • Spawn Location: 1:00

Stats - Winner!

  • Race: Protoss Protoss
  • Spawn Location: 5:00

Event: IEM XI Katowice - World Championship 2017

VOD

Have the link to the VOD?

Description

Time

  • Played on: Feb. 27, 2017, 4:15 a.m.
  • Length: 7:24

All games in this series

Show
View Real Time Build Order
Export as new Build Order

Xaoras Zerg 

Build Orders: Pool First 

Get SALT Encoding   

  12  0:01  Drone  
  13  0:12  Overlord  
  13  0:18  Drone  
  14  0:25  Extractor, Drone  
  15  0:31  Drone  
  15  0:35  Drone  
  17  0:42  Extractor  
  16  0:49  Spawning Pool  
  15  0:53  Drone  
  15  0:56  Drone  
  17  1:20  Hatchery  
  17  1:24  Drone  
  17  1:29  Drone  
  18  1:36  Zergling x2  
  19  1:45  Metabolic Boost  
  19  1:51  Queen  
  21  2:00  Overlord  
  21  2:02  Drone  
  22  2:24  Drone x2  
  22  2:29  Queen  
  26  2:39  Drone x2  
  26  2:41  Zergling x2  
  29  2:52  Drone x2  
  29  2:53  Pneumatized Carapace  
  29  2:57  Drone x2  
  33  2:59  Drone  
  34  3:10  Drone x2  
  34  3:12  Overlord  
  36  3:25  Hatchery  
  35  3:31  Drone  
  35  3:32  Drone  
  35  3:33  Drone x3  
  40  3:54  Lair  
  40  3:55  Extractor  
  39  3:56  Queen  
  39  3:58  Drone x3  
  39  3:59  Overlord  
  44  4:03  Overlord x2  
  44  4:08  Overlord  
  44  4:12  Baneling Nest  
  43  4:18  Spore Crawler, Overlord  
  43  4:20  Spore Crawler  
  43  4:23  Zergling x2  
  41  4:24  Zergling x8  
  45  4:35  Drone x4  
  49  4:39  Drone x3  
  49  4:40  Drone  
  53  4:48  Zergling x8  
  53  4:49  Spore Crawler  
  55  5:00  Spore Crawler  
  55  5:02  Drone x4  
  55  5:06  Hydralisk Den  
  57  5:10  Drone  
  58  5:17  Drone  
  58  5:23  Drone  
  58  5:28  Zergling x8, Extractor  
  61  5:36  Baneling  
  61  5:38  Muscular Augments  
  61  5:40  Drone x3  
  61  5:41  Drone x6  
  61  5:42  Overlord  
  70  5:43  Drone x2  
  70  5:47  Baneling  
  70  5:48  Baneling x2  
  71  5:50  Drone x2  
  71  5:52  Drone  
  74  5:58  Hydralisk x3  
  73  6:09  Zergling x6  
  62  6:21  Hydralisk, Baneling  
  62  6:22  Hydralisk  
  62  6:23  Zergling x4  
  58  6:31  Zergling x12  
  58  6:32  Zergling x8  
  52  6:38  Zergling x4  
  47  6:52  Hydralisk  
  49  6:54  Overlord  
  49  6:55  Zergling x6  
  48  7:05  Drone  
  48  7:06  Drone x2  
  48  7:07  Drone  
Show
View Real Time Build Order
Export as new Build Order

Stats Protoss - Winner!

Build Orders: 1 Gate Expand, Phoenix Opening 

Get SALT Encoding   

  12  0:01  Probe (Chrono Boost)  
  13  0:11  Probe (Chrono Boost)  
  14  0:17  Pylon  
  14  0:22  Probe (Chrono Boost)  
  15  0:36  Probe (Chrono Boost)  
  15  0:39  Gateway  
  16  0:46  Probe (Chrono Boost)  
  16  0:48  Assimilator  
  18  0:57  Probe (Chrono Boost)  
  18  1:07  Probe (Chrono Boost)  
  19  1:18  Probe (Chrono Boost)  
  20  1:26  Nexus  
  20  1:35  Cybernetics Core  
  20  1:39  Probe (Chrono Boost)  
  21  1:44  Assimilator  
  21  1:49  Probe (Chrono Boost)  
  21  1:53  Pylon  
  22  2:00  Probe (Chrono Boost)  
  23  2:09  Adept  
  23  2:12  Warp Gate  
  23  2:13  Probe (Chrono Boost)  
  26  2:25  Probe (Chrono Boost)  
  26  2:29  Stargate  
  27  2:36  Adept, Probe (Chrono Boost)  
  30  2:38  Probe (Chrono Boost)  
  31  2:46  Probe (Chrono Boost)  
  31  2:49  Probe (Chrono Boost)  
  33  2:57  Mothership Core (Chrono Boost)  
  33  2:58  Pylon  
  35  2:59  Probe (Chrono Boost)  
  35  3:04  Adept  
  38  3:10  Probe (Chrono Boost)  
  38  3:11  Phoenix  
  39  3:17  Probe (Chrono Boost)  
  42  3:21  Probe (Chrono Boost)  
  42  3:27  Gateway  
  43  3:29  Gateway  
  43  3:33  Probe (Chrono Boost)  
  43  3:34  Probe (Chrono Boost)  
  45  3:36  Phoenix  
  47  3:45  Probe (Chrono Boost)  
  47  3:46  Probe (Chrono Boost)  
  49  3:52  Assimilator  
  49  3:55  Pylon, Probe (Chrono Boost)  
  50  3:58  Probe (Chrono Boost)  
  50  4:02  Twilight Council  
  51  4:06  Probe (Chrono Boost)  
  53  4:10  Phoenix, Probe (Chrono Boost)  
  53  4:13  Pylon  
  55  4:18  Probe (Chrono Boost)  
  56  4:29  Adept  
  56  4:30  Adept x2  
  62  4:31  Phoenix  
  62  4:34  Resonating Glaives  
  64  4:42  Pylon  
  64  4:59  Adept x3  
  70  5:01  Nexus  
  70  5:04  Pylon  
  70  5:06  Phoenix  
  74  5:15  Probe x2 (Chrono Boost)  
  74  5:24  Adept x3  
  82  5:28  Probe x2 (Chrono Boost)  
  82  5:31  Pylon  
  82  5:35  Pylon  
  82  5:40  Probe (Chrono Boost)  
  82  5:41  Probe (Chrono Boost)  
  84  5:46  Sentry  
  84  5:48  Robotics Facility  
  85  5:51  Forge  
  85  5:54  Zealot  
  85  5:55  Sentry  
  91  6:04  Probe x2 (Chrono Boost)  
  85  6:16  Probe (Chrono Boost)  
  85  6:17  Probe x2 (Chrono Boost)  
  88  6:24  Adept x3  
  92  6:27  Probe (Chrono Boost)  
  92  6:29  Probe (Chrono Boost)  
  92  6:30  Probe (Chrono Boost)  
  93  6:37  Probe (Chrono Boost)  
  94  6:42  Probe x2 (Chrono Boost)  
  96  6:48  Probe (Chrono Boost)  
  96  6:51  Assimilator  
  96  6:52  Assimilator  
  96  6:54  Gateway, Probe x2 (Chrono Boost)  
  99  6:56  Gateway  
  99  6:57  Gateway x2  
  99  6:58  Probe (Chrono Boost)  
  100  7:02  Gateway  
  100  7:04  Adept, Sentry x2  
  100  7:06  Probe (Chrono Boost)  
  101  7:19  Pylon x2  
  101  7:21  Pylon  
  101  7:23  Pylon  

Tags
 
Add a new tag
Caveats
  • Supply blocks, unpowered buildings, or Contaminate may cause inaccurate times.
  • Supply counts are checked every 10 seconds.